 Dungeon Crawl Stone Soup version 0.31-a0-662-g684573625c (webtiles) character file.

Game seed: 5819348231005620252

175 FIREandBLOOD the Shooter (level 5, -4/28 HPs)
             Began as a Deep Elf Hexslinger on Aug 31, 2023.
             Slain by Terence
             ... wielding a +0 mace
              (9 damage)
             ... on level 3 of the Dungeon on Sept 1, 2023.
             The game lasted 00:25:42 (2380 turns).

FIREandBLOOD the Shooter (Deep Elf Hexslinger)      Turns: 2380, Time: 00:25:42

Health: -4/28      AC:  2    Str:  4      XL:     5   Next: 29%
Magic:  12/12      EV: 13    Int: 19      God:
Gold:   117        SH:  0    Dex: 20 (21) Spells: 10/11 levels left

rFire   . . .        a - +1 sling
rCold   . . .        (no shield)
rNeg    . . .        c - +0 robe
rPois   .            (no helmet)
rElec   .            (no cloak)
rCorr   .            (no gloves)
SInv    .            (no boots)
Will    .....        (no amulet)
Stlth   ++           (no ring)
HPRegen 0.24/turn    (no ring)
MPRegen 0.13/turn

%: no passive effects
@: no status effects
A: agile 1, deterioration 1, inability to read after injury 1
a: no special abilities


You were on level 3 of the Dungeon.
You visited 1 branch of the dungeon, and saw 3 of its levels.

You collected 117 gold pieces.

Inventory:

Hand Weapons
 a - a +1 sling (weapon)
 n - a +0 dagger of holy wrath
Missiles
 m - 5 javelins
Armour
 c - a +0 robe (worn)
Magical Staves
 o - a staff of poison
Jewellery
 h - a ring of protection from cold
Wands
 p - a wand of polymorph (9)
Scrolls
 b - a scroll of poison
 d - a scroll of amnesia {unknown}
 g - 6 scrolls of identify {unknown}
 i - a scroll of fear {unknown}
 j - 2 scrolls of immolation {unknown}
Potions
 e - a potion of berserk rage {unknown}
 f - 2 potions of mutation
 k - a potion of might
 l - a potion of curing


   Skills:
 - Level 0.7 Fighting
 + Level 6.1 Ranged Weapons
 - Level 3.0 Dodging
 + Level 3.8 Spellcasting
 - Level 4.0 Hexes


You had 10 spell levels left.
You knew the following spells:

 Your Spells              Type           Power      Damage    Failure   Level
a - Slow                  Hex            72%        N/A       2%          1

Your spell library contained the following spells:

 Spells                   Type           Power      Damage    Failure   Level
 Inner Flame              Hex/Fire       11%        N/A       19%         3
 Portal Projectile        Hex/Tloc       22%        N/A       19%         3
 Cause Fear               Hex            9%         N/A       26%         4


Dungeon Overview and Level Annotations

Branches:
Dungeon (3/15)

Altars:
Okawaru

Annotations:
D:2 1 runed translucent door, Crazy Yiuf
D:3 Terence


Innate Abilities, Weirdness & Mutations

You are agile. (Dex +4, Str/Int -1)
Your body sometimes deteriorates upon taking damage.
You occasionally lose the ability to read scrolls when taking damage.


Message History

Terence is moderately wounded.
Fire: a) +1 sling
Press: ? - help, Q - select action, (/) - cycle Shift-Dir - straight line, f/p - Terence
Aim: Terence, wielding a +0 mace and wearing a +0 scale mail (moderately wounded, slow, 68% to hit)
You shoot a sling bullet. The sling bullet hits Terence!
Terence is severely wounded.
Fire: a) +1 sling
Press: ? - help, Q - select action, (/) - cycle Shift-Dir - straight line, f/p - Terence
Aim: Terence, wielding a +0 mace and wearing a +0 scale mail (severely wounded, slow, 68% to hit)
You shoot a sling bullet.
The sling bullet closely misses Terence.
Fire: a) +1 sling
Press: ? - help, Q - select action, (/) - cycle Shift-Dir - straight line, f/p - Terence
Aim: Terence, wielding a +0 mace and wearing a +0 scale mail (severely wounded, slow, 68% to hit)
You shoot a sling bullet.
The sling bullet closely misses Terence.
Terence is no longer moving slowly.
Casting: Slow (safe; 2% risk of failure)
Confirm with . or Enter, or press ? or * to list all spells.
Aiming: Slow (safe; 2% risk of failure)
Press: ? - help, Shift-Dir - straight line, f/p - Terence
Aim: Terence, wielding a +0 mace and wearing a +0 scale mail (severely wounded, chance to affect: 60%) Terence resists with significant effort.
Fire: a) +1 sling
Press: ? - help, Q - select action, (/) - cycle Shift-Dir - straight line, f/p - Terence
Aim: Terence, wielding a +0 mace and wearing a +0 scale mail (severely wounded, 68% to hit)
You shoot a sling bullet.
The sling bullet closely misses Terence.
Terence hits you with a +0 mace!
Fire: a) +1 sling
Press: ? - help, Q - select action, (/) - cycle Shift-Dir - straight line, f/p - Terence
Aim: Terence, wielding a +0 mace and wearing a +0 scale mail (severely wounded, 68% to hit)
You shoot a sling bullet. The sling bullet barely misses Terence.
Terence hits you with a +0 mace!
* * * LOW HITPOINT WARNING * * *
Terence attacks as he pursues you! Terence hits you with a +0 mace.
* * * LOW HITPOINT WARNING * * *
Terence attacks as he pursues you! Terence misses you.
Terence attacks as he pursues you! Terence hits you with a +0 mace!
You die...

#.## ###.#
..# #...#
.## #.###
.# #.# .#
#.# .# #.#
.# #.# .#
#@# ## #@#
#)# #.# #.#
########.#
#........#
#)########
#########.#
#......##.#


You could see Terence.

Vanquished Creatures
  Ijyb (D:3)
  An orc wizard (D:3)
  5 adders (D:2)
  5 dart slugs
  6 orcs (D:3)
  5 endoplasms
  2 giant cockroaches (D:1)
  10 goblins
  4 hobgoblins
  5 jackals
  3 kobolds
  2 quokkas (D:3)
  4 ball pythons
  2 bats
  8 frilled lizards
  2 rats
65 creatures vanquished.

Notes
Turn   | Place    | Note
-------+----------+-------------------------------------------
     0 | D:1      | FIREandBLOOD the Deep Elf Hexslinger began the quest for
                  | the Orb.
     0 | D:1      | Reached XP level 1. HP: 11/11 MP: 5/5
    29 | D:1      | Reached skill level 3 in Ranged Weapons
   124 | D:1      | Reached XP level 2. HP: 16/16 MP: 6/6
   165 | D:1      | Reached skill level 4 in Ranged Weapons
   318 | D:1      | Found a faded altar of an unknown god.
   337 | D:1      | Reached XP level 3. HP: 20/20 MP: 7/7
   733 | D:2      | Found an iron altar of Okawaru.
   883 | D:2      | Reached skill level 5 in Ranged Weapons
  1082 | D:2      | Reached XP level 4. HP: 24/24 MP: 9/9
  1099 | D:2      | Found a runed translucent door.
  1538 | D:2      | Noticed Crazy Yiuf
  1589 | D:3      | Upgraded the game from 0.31-a0-656-gb4d89c20fa to
                  | 0.31-a0-662-g684573625c
  1809 | D:3      | Gained mutation: You are agile. (Dex +4, Str/Int -1)
                  | [potion of mutation]
  1809 | D:3      | Gained mutation: You occasionally lose the ability to read
                  | scrolls when taking damage. [potion of mutation]
  1809 | D:3      | Gained mutation: Your body sometimes deteriorates upon
                  | taking damage. [potion of mutation]
  1817 | D:3      | HP: 1/24 [orc/+0 trident (5)]
  1910 | D:3      | Reached XP level 5. HP: 24/28 MP: 10/12
  2091 | D:3      | Noticed Terence
  2173 | D:3      | Noticed Ijyb
  2272 | D:3      | Killed Ijyb
  2273 | D:3      | Reached skill level 6 in Ranged Weapons
  2380 | D:3      | Slain by Terence

Illustrated notes

Levels and vault maps discovered:
D:1:      orjb1_lava_funnel, layout_loops_ring,
          hellmonk_ecumenical_altar_lost_god, minmay_lizard_pond
D:2:      minmay_razor_zed, layout_rooms, basic_altar, uniq_crazy_yiuf_cottage
D:3:      layout_basic, kennysheep_generic_room_8, uniq_terence, uniq_ijyb

Skill      XL: |  1  2  3  4  5 |
---------------+----------------+-----
Ranged Weapons | 3 4 5 6 |  6.1
Spellcasting   | 2 3 |  3.8
Dodging        | 3 |  3.0
Fighting       | |  0.7
Hexes          | |  4.0

Action                     |  1- 3 |  4- 6 || total
---------------------------+-------+-------++-------
  Melee: Dagger            |       |    11 ||    11
   Fire: Sling             |   100 |    82 ||   182
   Cast: Slow              |     4 |    11 ||    15
    Use: Potion            |       |     3 ||     3
 Armour: Robe              |     5 |    30 ||    35
         Skin              |       |     3 ||     3
  Dodge: Dodged            |    18 |    43 ||    61

Table legend: (Time is in decaauts)
 A = Elapsed time spent in this place.
 B = Non-inter-level travel time spent in this place.
 C = Inter-level travel time spent in this place.
 D = Time resting spent in this place.
 E = Time spent auto-exploring this place.
 F = Levels seen in this place.
 G = Mean time per level.
                   A        B        C        D        E       F      G
               +--------+--------+--------+--------+--------+-----+--------+
         Total |   2401 |   2318 |     83 |    118 |    990 |   3 |  800.3 |
       Dungeon |   2401 |   2318 |     83 |    118 |    990 |   3 |  800.3 |
               +--------+--------+--------+--------+--------+-----+--------+

Top non-repeatable levels by time:
     D:2: 894 daAuts
     D:3: 824 daAuts
     D:1: 682 daAuts
